ABL
CANBERRA RAIDERS @ MANLY-WARRINGAH SEA EAGLES
07/04/2022
 
TOP OF THE 1ST
Canberra Raiders batting - Pitching for Manly-Warringah Sea Eagles : LHP Ken Russell
Pitching: LHP Ken Russell
Batting: SHB Matt Melsome 0-0: Ball
1-0: SINGLE (Groundball, 6MD, EV 97.5 MPH)
Batting: RHB Bob Burdikin 0-0: Bunted foul
0-1: DOUBLE (Line Drive, 9LM, EV 103.1 MPH)
Matt Melsome to third
Pinch Runner at 2nd Jamie Aplin:
Batting: LHB Glen Hamlyn 0-0: Ball
1-0: Called Strike
1-1: Ball
2-1: Ground out 4-3 (Groundball, 4, EV 84.4 MPH)
Matt Melsome scores
Jamie Aplin to third
Batting: RHB Tim Kennelly 0-0: Ball
1-0: Ball
2-0: Ball
3-0: Called Strike
3-1: Base on Balls
Batting: LHB Ken Pym 0-0: Ball
1-0: Ball
2-0: Fly out, F7 (Flyball, 78M, EV 91.3 MPH)
Runner from 3rd tags up, OUT at HOME! 7-2
Top of the 1st over - 1 run, 2 hits, 0 errors, 1 left on base; Canberra 1 - Manly-Warringah 0
BOTTOM OF THE 1ST
Manly-Warringah Sea Eagles batting - Pitching for Canberra Raiders : LHP Rylan Eyres-Brown
Pitching: LHP Rylan Eyres-Brown
Now in CF: Jamie Aplin
Batting: LHB Tris Malcolm 0-0: Ball
1-0: Ball
2-0: Foul Ball, location: 5F
2-1: Foul Ball, location: 2F
2-2: Ball
3-2: Fly out, F9 (Flyball, 89S, EV 90.0 MPH)
Batting: RHB Gregg Boothroyd 0-0: Called Strike
0-1: Called Strike
0-2: Ball
1-2: Foul Ball, location: 9LSF
1-2: Ball
2-2: Ball
3-2: Foul Ball, location: 2F
3-2: Fly out, F7 (Flyball, 78M, EV 94.4 MPH)
Batting: RHB Bill Warburton 0-0: Ball
1-0: Called Strike
1-1: Ground out 6-3 (Groundball, 56, EV 86.3 MPH)
Bottom of the 1st over - 0 runs, 0 hits, 0 errors, 0 left on base; Canberra 1 - Manly-Warringah 0
TOP OF THE 2ND
Canberra Raiders batting - Pitching for Manly-Warringah Sea Eagles : LHP Ken Russell
Batting: RHB Jory Esplin 0-0: Ball
1-0: Ball
2-0: Ground out U3 (Groundball, 3, EV 75.6 MPH)
Batting: RHB Brad Windus 0-0: Called Strike
0-1: Ball
1-1: Fly out, F8 (Flyball, 8RM, EV 72.5 MPH)
Batting: LHB Rylan Eyres-Brown 0-0: Called Strike
0-1: Ball
1-1: Swinging Strike
1-2: Strikes out swinging
Top of the 2nd over - 0 runs, 0 hits, 0 errors, 0 left on base; Canberra 1 - Manly-Warringah 0
BOTTOM OF THE 2ND
Manly-Warringah Sea Eagles batting - Pitching for Canberra Raiders : LHP Rylan Eyres-Brown
Batting: RHB Bill Agar 0-0: Ball
1-0: Called Strike
1-1: Ball
2-1: Foul Ball, location: 2F
2-2: Ball
3-2: Base on Balls
Batting: RHB Matthew Adam 0-0: Foul Ball, location: 2F
0-1: Ball
1-1: Ball
2-1: Ball
3-1: Fielders Choice at 2nd, 5-4 (Groundball, 5, EV 98.1 MPH)
Batting: RHB Chris Strutt 0-0: Ball
1-0: Ball
2-0: Called Strike
2-1: Ball
3-1: Base on Balls
Matthew Adam to second
Batting: RHB Josh Reed 0-0: Ball
1-0: Foul Ball, location: 9LDF
1-1: Called Strike
1-2: Grounds into double play, 5-4-3 (Groundball, 56S, EV 83.1 MPH)
Bottom of the 2nd over - 0 runs, 0 hits, 0 errors, 1 left on base; Canberra 1 - Manly-Warringah 0
TOP OF THE 3RD
Canberra Raiders batting - Pitching for Manly-Warringah Sea Eagles : LHP Ken Russell
Batting: LHB Darrien Simmons 0-0: Swinging Strike
0-1: Ball
1-1: Foul Ball, location: 25FF
1-2: Foul Ball, location: 9LSF
1-2: Strikes out swinging
Batting: SHB Matt Melsome 0-0: Called Strike
0-1: Ball
1-1: Ball
2-1: SINGLE (Groundball, 4D, EV 107.5 MPH) (infield hit)
Batting: RHB Jamie Aplin 0-0: Ball
1-0: Ball
2-0: Grounds into double play, 6-4-3 (Groundball, 6M, EV 109.4 MPH)
Top of the 3rd over - 0 runs, 1 hit, 0 errors, 0 left on base; Canberra 1 - Manly-Warringah 0
BOTTOM OF THE 3RD
Manly-Warringah Sea Eagles batting - Pitching for Canberra Raiders : LHP Rylan Eyres-Brown
Batting: RHB Owen Shufflebottom 0-0: Ball
1-0: Ball
2-0: Ball
3-0: Called Strike
3-1: Ground out 1-3 (Groundball, 13, EV 67.5 MPH)
Batting: LHB Ken Russell 0-0: Called Strike
0-1: Ball
1-1: Ground out 5-3 (Groundball, 56, EV 88.1 MPH)
Batting: LHB Tris Malcolm 0-0: Ball
1-0: Fly out, F5 (Line Drive, 56, EV 68.1 MPH)
Bottom of the 3rd over - 0 runs, 0 hits, 0 errors, 0 left on base; Canberra 1 - Manly-Warringah 0
TOP OF THE 4TH
Canberra Raiders batting - Pitching for Manly-Warringah Sea Eagles : LHP Ken Russell
Batting: LHB Glen Hamlyn 0-0: Called Strike
0-1: Called Strike
0-2: SINGLE (Groundball, 4D, EV 104.4 MPH)
Batting: RHB Tim Kennelly 0-0: Fielders Choice at 2nd, 6-4 (Groundball, 6, EV 90.0 MPH)
Batting: LHB Ken Pym 0-0: Foul Ball, location: 2F
0-1: Swinging Strike
0-2: Ball
1-2: Strikes out looking
Batting: RHB Jory Esplin 0-0: Fly out, F3 (Popup, 3F, EV 79.4 MPH)
Top of the 4th over - 0 runs, 1 hit, 0 errors, 1 left on base; Canberra 1 - Manly-Warringah 0
BOTTOM OF THE 4TH
Manly-Warringah Sea Eagles batting - Pitching for Canberra Raiders : LHP Rylan Eyres-Brown
Batting: RHB Gregg Boothroyd 0-0: Ball
1-0: Foul Ball, location: 23F
1-1: Foul Ball, location: 3F
1-2: Fly out, F9 (Flyball, 9, EV 91.9 MPH)
Batting: RHB Bill Warburton 0-0: Called Strike
0-1: Ball
1-1: DOUBLE (Groundball, 5L, EV 104.4 MPH)
Batting: RHB Bill Agar 0-0: Ball
1-0: SINGLE (Line Drive, 9S, EV 100.6 MPH)
Bill Warburton to third
Batting: RHB Matthew Adam 0-0: Foul Ball, location: 2F
0-1: Foul Ball, location: 5F
0-2: Strikes out swinging
Batting: RHB Chris Strutt 0-0: Fly out, F7 (Flyball, 7, EV 100.6 MPH)
Bottom of the 4th over - 0 runs, 2 hits, 0 errors, 2 left on base; Canberra 1 - Manly-Warringah 0
TOP OF THE 5TH
Canberra Raiders batting - Pitching for Manly-Warringah Sea Eagles : LHP Ken Russell
Batting: RHB Brad Windus 0-0: Called Strike
0-1: Fly out, F9 (Flyball, 9, EV 96.9 MPH)
Batting: LHB Rylan Eyres-Brown 0-0: Ball
1-0: Foul Ball, location: 2F
1-1: Ball
2-1: Ball
3-1: Called Strike
3-2: Strikes out swinging
Batting: LHB Darrien Simmons 0-0: Fly out, F8 (Line Drive, 8LM, EV 90.6 MPH)
Top of the 5th over - 0 runs, 0 hits, 0 errors, 0 left on base; Canberra 1 - Manly-Warringah 0
BOTTOM OF THE 5TH
Manly-Warringah Sea Eagles batting - Pitching for Canberra Raiders : LHP Rylan Eyres-Brown
Batting: RHB Josh Reed 0-0: Ball
1-0: Ball
2-0: Swinging Strike
2-1: Ball
3-1: Base on Balls
Batting: RHB Owen Shufflebottom 0-0: Foul Ball, location: 3F
0-1: Foul Ball, location: 25F
0-2: Foul Ball, location: 25FF
0-2: Ball
1-2: Ground out 4-3 (Groundball, 34S, EV 106.3 MPH)
Josh Reed to second
Pinch Hitting: LHB Greg Mundine 0-0: Called Strike
0-1: Foul Ball, location: 2F
0-2: Strikes out looking
Batting: LHB Tris Malcolm 0-0: Foul Ball, location: 2F
0-1: Ball
1-1: Swinging Strike
1-2: Strikes out swinging
Bottom of the 5th over - 0 runs, 0 hits, 0 errors, 1 left on base; Canberra 1 - Manly-Warringah 0
TOP OF THE 6TH
Canberra Raiders batting - Pitching for Manly-Warringah Sea Eagles : LHP Ken Russell
Pitching: LHP Derrin Jeffes
Batting: SHB Matt Melsome 0-0: Fly out, F6 (Line Drive, 4MD, EV 64.4 MPH)
Batting: RHB Jamie Aplin 0-0: Ball
1-0: Ball
2-0: SOLO HOME RUN (Flyball, 7D, EV 96.9 MPH), Distance : 366 ft
Batting: LHB Glen Hamlyn 0-0: Ball
1-0: Foul Ball, location: 3FF
1-1: Ground out 4-3 (Groundball, 4, EV 88.1 MPH)
Batting: RHB Tim Kennelly 0-0: Called Strike
0-1: Swinging Strike
0-2: Strikes out looking
Top of the 6th over - 1 run, 1 hit, 0 errors, 0 left on base; Canberra 2 - Manly-Warringah 0
BOTTOM OF THE 6TH
Manly-Warringah Sea Eagles batting - Pitching for Canberra Raiders : LHP Rylan Eyres-Brown
Batting: RHB Gregg Boothroyd 0-0: Ball
1-0: Called Strike
1-1: Fly out, F5 (Popup, 25, EV 80.0 MPH)
Batting: RHB Bill Warburton 0-0: Ground out 4-3 (Groundball, 6M, EV 86.9 MPH)
Batting: RHB Bill Agar 0-0: Ball
1-0: Called Strike
1-1: Foul Ball, location: 23F
1-2: Ball
2-2: Foul Ball, location: 2F
2-2: Ball
3-2: Foul Ball, location: 5F
3-2: Reached on error, E6 (Groundball, 6, EV 86.9 MPH)
Batting: RHB Matthew Adam 0-0: SINGLE (Groundball, 34D, EV 108.8 MPH)
Bill Agar to second
Runner from 2nd tries for 3rd, SAFE, throw by RF made to third
Batting: RHB Chris Strutt 0-0: Ball
1-0: Ball
2-0: Ball
3-0: Base on Balls
Matthew Adam to second
Batting: RHB Josh Reed 0-0: Ball
1-0: Ball
2-0: Ball
3-0: Foul Ball, location: 5F
3-1: Foul Ball, location: 9LMF
3-2: Ground out 5-3 (Groundball, 56, EV 87.5 MPH)
Bottom of the 6th over - 0 runs, 1 hit, 1 error, 3 left on base; Canberra 2 - Manly-Warringah 0
TOP OF THE 7TH
Canberra Raiders batting - Pitching for Manly-Warringah Sea Eagles : LHP Derrin Jeffes
Pinch Hitting: RHB Xavier Millington 0-0: Called Strike
0-1: Ground out 6-3 (Groundball, 6, EV 102.5 MPH)
Batting: RHB Jory Esplin 0-0: Ball
1-0: Foul Ball, location: 2F
1-1: Ball
2-1: Called Strike
2-2: Strikes out swinging
Batting: RHB Brad Windus 0-0: Swinging Strike
0-1: Ball
1-1: Ball
2-1: Ball
3-1: Foul Ball, location: 5F
3-2: Base on Balls
Pinch Hitting: LHB Rutger Cooper 0-0: Ball
1-0: SINGLE (Groundball, 4D, EV 105.0 MPH)
Brad Windus to second
Batting: LHB Darrien Simmons 0-0: Foul Ball, location: 7LDF
0-1: Foul Ball, location: 2LF
0-2: Strikes out swinging
Top of the 7th over - 0 runs, 1 hit, 0 errors, 2 left on base; Canberra 2 - Manly-Warringah 0
BOTTOM OF THE 7TH
Manly-Warringah Sea Eagles batting - Pitching for Canberra Raiders : LHP Rylan Eyres-Brown
Pitching: RHP Terrence Bassett
Now in LF: Trent Tombs
Batting: RHB Owen Shufflebottom 0-0: Called Strike
0-1: Ball
1-1: Foul Ball, location: 2F
1-2: Fly out, F6 (Popup, 15S, EV 80.0 MPH)
Pinch Hitting: LHB Leigh Seldon 0-0: Foul Ball, location: 2F
0-1: Foul Ball, location: 23F
0-2: Ball
1-2: Ball
2-2: Foul Ball, location: 5FF
2-2: Fly out, F7 (Flyball, 7, EV 82.5 MPH)
Batting: LHB Tris Malcolm 0-0: Ball
1-0: Ground out 5-3 (Groundball, 56, EV 86.9 MPH)
Bottom of the 7th over - 0 runs, 0 hits, 0 errors, 0 left on base; Canberra 2 - Manly-Warringah 0
TOP OF THE 8TH
Canberra Raiders batting - Pitching for Manly-Warringah Sea Eagles : LHP Derrin Jeffes
Pitching: RHP Greg Sandall
Batting: SHB Matt Melsome 0-0: Ground out 6-3 (Groundball, 6, EV 87.5 MPH)
Batting: RHB Jamie Aplin 0-0: Foul Ball, location: 3F
0-1: Foul Ball, location: 5SF
0-2: Ball
1-2: Foul Ball, location: 2F
1-2: DOUBLE (Flyball, 8LD, EV 108.1 MPH)
Batting: LHB Glen Hamlyn 0-0: Intentional Walk
Batting: RHB Tim Kennelly 0-0: Ball
1-0: Called Strike
1-1: Swinging Strike
1-2: Foul Ball, location: 5F
1-2: Foul Ball, location: 25F
1-2: Strikes out swinging
Batting: LHB Trent Tombs 0-0: Ball
1-0: Called Strike
1-1: Ball
2-1: Ground out 4-3 (Groundball, 4, EV 85.0 MPH)
Top of the 8th over - 0 runs, 1 hit, 0 errors, 2 left on base; Canberra 2 - Manly-Warringah 0
BOTTOM OF THE 8TH
Manly-Warringah Sea Eagles batting - Pitching for Canberra Raiders : RHP Terrence Bassett
Batting: RHB Gregg Boothroyd 0-0: Ball
1-0: Ball
2-0: Swinging Strike
2-1: Swinging Strike
2-2: Strikes out swinging
Pinch Hitting: LHB Clem Ballard 0-0: Ball
1-0: Called Strike
1-1: Ball
2-1: Foul Ball, location: 2F
2-2: Foul Ball, location: 3FF
2-2: Fly out, F9 (Flyball, 9S, EV 90.0 MPH)
Batting: RHB Bill Agar 0-0: Foul Ball, location: 9LDF
0-1: Foul Ball, location: 25FF
0-2: Strikes out swinging
Bottom of the 8th over - 0 runs, 0 hits, 0 errors, 0 left on base; Canberra 2 - Manly-Warringah 0
TOP OF THE 9TH
Canberra Raiders batting - Pitching for Manly-Warringah Sea Eagles : RHP Greg Sandall
Now at 1B: Clem Ballard
Batting: RHB Jory Esplin 0-0: Foul Ball, location: 5FF
0-1: Swinging Strike
0-2: Foul Ball, location: 2LF
0-2: Strikes out swinging
Batting: RHB Brad Windus 0-0: Called Strike
0-1: Ball
1-1: Ball
2-1: Ball
3-1: Swinging Strike
3-2: Foul Ball, location: 2F
3-2: Ground out 4-3 (Groundball, 34D, EV 95.0 MPH)
Pinch Hitting: RHB Herb Pethick 0-0: Ball
1-0: Called Strike
1-1: Called Strike
1-2: Foul Ball, location: 25F
1-2: Strikes out looking
Top of the 9th over - 0 runs, 0 hits, 0 errors, 0 left on base; Canberra 2 - Manly-Warringah 0
BOTTOM OF THE 9TH
Manly-Warringah Sea Eagles batting - Pitching for Canberra Raiders : RHP Terrence Bassett
Pitching: RHP Ozzie Rawle
Batting: RHB Matthew Adam 0-0: Ball
1-0: Called Strike
1-1: Foul Ball, location: 5F
1-2: Ball
2-2: Ground out 4-3 (Groundball, 4, EV 94.4 MPH)
Pinch Hitting: LHB Ray Richard 0-0: Called Strike
0-1: Ball
1-1: Foul Ball, location: 2F
1-2: Strikes out swinging
Batting: RHB Josh Reed 0-0: Foul Ball, location: 23F
0-1: Foul Ball, location: 2F
0-2: Ball
1-2: Strikes out swinging
Bottom of the 9th over - 0 runs, 0 hits, 0 errors, 0 left on base; Canberra 2 - Manly-Warringah 0
Saturday, May 4th , 2024 - OOTP Baseball 24.9 Build 80